Map: Dusk Towers

Players

ShoWTimE - Winner!

  • Race: Protoss Protoss
  • League: Master

HeroMarine

  • Race: Terran Terran
  • League: Grandmaster

Event: Homestory Cup XII

VOD

Have the link to the VOD?

Description

Time

  • Played on: Dec. 19, 2015, 7:55 a.m.
  • Length: 7:45

All games in this series

Show
View Real Time Build Order
Export as new Build Order

ShoWTimE Protoss - Winner!

Build Orders: 1 Gate Expand, Dark Templar Rush 

Get SALT Encoding   

  12  0:01  Probe (Chrono Boost)  
  13  0:11  Probe (Chrono Boost)  
  14  0:17  Pylon  
  14  0:22  Probe (Chrono Boost)  
  15  0:36  Gateway, Probe (Chrono Boost)  
  16  0:42  Assimilator  
  16  0:46  Probe (Chrono Boost)  
  18  0:57  Probe (Chrono Boost)  
  18  1:07  Probe (Chrono Boost)  
  19  1:21  Nexus  
  19  1:32  Cybernetics Core  
  19  1:35  Probe (Chrono Boost)  
  20  1:41  Assimilator  
  20  1:45  Probe (Chrono Boost)  
  21  1:53  Pylon  
  21  1:56  Probe (Chrono Boost)  
  22  2:06  Probe (Chrono Boost)  
  23  2:10  Warp Gate  
  23  2:11  Adept (Chrono Boost)  
  25  2:18  Probe  
  26  2:30  Probe, Robotics Facility  
  26  2:32  Probe  
  28  2:42  Probe  
  28  2:43  Probe  
  29  2:50  Twilight Council  
  30  2:54  Probe (Chrono Boost)  
  30  2:56  Adept (Chrono Boost)  
  33  2:58  Probe (Chrono Boost)  
  34  3:06  Mothership Core (Chrono Boost)  
  34  3:09  Probe (Chrono Boost)  
  38  3:20  Probe (Chrono Boost)  
  38  3:25  Probe (Chrono Boost)  
  39  3:29  Probe (Chrono Boost)  
  39  3:30  Dark Shrine  
  39  3:32  Warp Prism (Chrono Boost)  
  42  3:35  Probe  
  42  3:40  Gateway  
  43  3:45  Probe  
  43  3:47  Gateway  
  44  3:49  Pylon  
  44  3:51  Probe  
  45  3:55  Probe  
  45  3:58  Pylon  
  46  4:06  Probe  
  46  4:08  Probe  
  48  4:15  Nexus  
  48  4:17  Probe  
  48  4:20  Adept  
  48  4:22  Probe, Observer (Chrono Boost)  
  53  4:27  Probe  
  54  4:34  Probe  
  54  4:38  Pylon  
  55  4:42  Dark Templar x2  
  60  4:47  Probe, Assimilator  
  60  4:50  Dark Templar  
  60  4:51  Assimilator  
  62  4:55  Probe  
  62  4:57  Pylon  
  62  4:59  Probe  
  64  5:05  Probe  
  65  5:09  Pylon  
  65  5:11  Probe  
  66  5:16  Probe  
  65  5:23  Probe  
  65  5:26  Probe x2  
  65  5:28  Pylon  
  66  5:33  Dark Templar  
  66  5:35  Probe  
  69  5:36  Probe  
  69  5:39  Probe  
  69  5:40  Pylon  
  71  5:44  Dark Templar  
  71  5:47  Probe x2, Pylon  
  71  5:49  Probe  
  75  5:52  Gateway, Forge  
  75  5:54  Gateway  
  76  5:57  Probe  
  76  5:59  Probe  
  76  6:00  Probe  
  79  6:06  Resonating Glaives (Chrono Boost)  
  79  6:08  Probe  
  78  6:11  Probe x2  
  78  6:15  Gateway x3  
  78  6:18  Probe  
  78  6:23  Probe x2, Assimilator x2  
  81  6:28  Adept  
  81  6:29  Probe, Adept x2  
  86  6:55  Adept x2  
  86  6:56  Adept x3  
  96  7:07  Nexus  
  96  7:10  Pylon  
  96  7:11  Robotics Bay, Adept, Pylon  
  96  7:12  Adept x2, Robotics Facility  
  96  7:15  Observer  
  103  7:17  Adept x2  
  103  7:18  Adept x3  
  103  7:21  Pylon  
Show
View Real Time Build Order
Export as new Build Order

HeroMarine Terran 

Build Orders: Reaper Expand 

Get SALT Encoding   

  12  0:00  SCV  
  13  0:13  SCV  
  14  0:17  Supply Depot  
  14  0:25  SCV  
  15  0:39  SCV  
  15  0:41  Barracks  
  16  0:45  Refinery  
  16  0:51  SCV  
  17  1:03  SCV  
  18  1:15  SCV  
  19  1:27  Orbital Command  
  19  1:28  Reaper  
  20  1:39  Command Center  
  20  1:50  Supply Depot  
  20  1:52  SCV  
  21  2:00  Barracks Reactor  
  21  2:04  SCV  
  22  2:16  SCV  
  22  2:17  Bunker  
  23  2:23  Factory  
  23  2:29  SCV  
  24  2:36  Marine  
  24  2:37  Marine  
  25  2:41  SCV  
  27  2:51  Orbital Command  
  27  2:53  SCV  
  27  2:54  Marine x2  
  30  3:06  SCV  
  30  3:07  Factory Tech Lab  
  30  3:11  Command Center  
  31  3:17  Marine x2  
  31  3:19  SCV  
  34  3:20  SCV  
  35  3:28  Cyclone, Refinery  
  35  3:31  SCV  
  35  3:32  SCV  
  40  3:38  Supply Depot  
  40  3:41  Marine x2  
  42  3:46  SCV x2  
  43  3:53  Barracks  
  43  3:58  SCV x2, Marine  
  43  4:00  Marine  
  47  4:04  Siege Tank  
  50  4:10  SCV x2  
  50  4:16  Marine  
  53  4:17  Barracks, Marine  
  53  4:21  Supply Depot  
  53  4:23  SCV x2  
  56  4:28  Orbital Command  
  56  4:35  SCV x2  
  56  4:37  Siege Tank  
  61  4:45  Barracks Tech Lab  
  61  4:46  Supply Depot  
  61  4:47  SCV x2  
  61  4:48  Marine  
  61  4:49  Marine  
  65  4:55  SCV  
  65  4:56  Refinery  
  65  4:59  SCV x2  
  68  5:05  Barracks Tech Lab, Stimpack  
  68  5:07  SCV, Marine x3  
  68  5:12  SCV x2  
  74  5:16  Engineering Bay  
  74  5:19  SCV  
  71  5:24  SCV x2  
  68  5:28  Marine  
  68  5:29  Marine x3  
  68  5:31  SCV  
  69  5:43  SCV x3  
  69  5:47  Missile Turret x2  
  69  5:55  Missile Turret  
  67  6:01  SCV  
  67  6:02  SCV x2  
  61  6:09  Marine  
  58  6:14  SCV  
  58  6:15  SCV  
  58  6:21  Missile Turret, Marine  
  58  6:22  SCV  
  59  6:27  SCV x2  
  61  6:33  Marine  
  61  6:34  SCV  
  61  6:36  Factory Reactor  
  61  6:37  Starport  
  63  6:41  SCV x2  
  63  6:44  Barracks Reactor, Marine  
  65  6:49  Refinery  
  65  6:53  SCV x2, Marine  
  67  7:06  Supply Depot  
  67  7:07  Orbital Command  
  67  7:09  SCV, Missile Turret  
  67  7:10  SCV  
  67  7:14  Marine x2  
  71  7:22  SCV x2, Barracks  
  73  7:27  Barracks  
Tags
 
Add a new tag
Caveats
  • Supply blocks, unpowered buildings, or Contaminate may cause inaccurate times.
  • Supply counts are checked every 10 seconds.